 Dungeon Crawl Stone Soup version 0.26-b1-57-gb162d0664a (webtiles) character file.

Game seed: 515752864680432096

21052 Delamore the Bludgeoner (level 12, -14/80 HPs)
             Began as a Gargoyle Fighter on Jan 8, 2021.
             Was a High Priest of Okawaru.
             Demolished by Harold
             ... wielding a +2 dire flail of protection
              (19 damage)
             ... on level 2 of the Lair of Beasts.
             The game lasted 00:19:17 (15147 turns).

Delamore the Bludgeoner (Gargoyle Fighter)         Turns: 15147, Time: 00:19:18

Health: -14/80     AC: 15    Str: 25    XL:     12   Next: 85%
Magic:  0/15       EV:  5    Int:  9    God:    Okawaru [*****.]
Gold:   847        SH: 11    Dex:  9    Spells: 11/11 levels left

rFire    . . .     SeeInvis .   I - +1 morningstar
rCold    . . .     Faith    .   c - +0 kite shield
rNeg     + . .     Spirit   +   S - +0 plate armour
rPois    ∞         Reflect  .   N - +0 helmet
rElec    +         Harm     .   K - +0 cloak
rCorr    .         Rampage  .   (no gloves)
Will     .....                  r - +0 pair of boots
Stlth    ..........             U - amulet of guardian spirit
HPRegen  0.23/turn              O - ring of stealth
MPRegen  0.14/turn              B - ring of flight

@: marked, corroded
A: negative energy resistance 1, electricity resistance, unbreathing,
petrification resistance, miasma immunity, AC +8
a: Renounce Religion, Evoke Flight, Heroism, Finesse


You were on level 2 of the Lair of Beasts.
You worshipped Okawaru.
Okawaru was extremely pleased with you.
You visited 3 branches of the dungeon, and saw 14 of its levels.
You also visited: Ossuary.

You collected 899 gold pieces.
You spent 52 gold pieces at shops.

Inventory:

Hand Weapons
 a - a +0 flail
 I - a +1 morningstar (weapon)
Missiles
 b - 13 curare-tipped darts
 v - 74 poisoned darts (quivered)
 Q - 11 javelins
Armour
 c - a +0 kite shield (worn)
 r - a +0 pair of boots (worn)
 x - a +0 chain mail
 K - a +0 cloak (worn)
 N - a +0 helmet (worn)
 S - a +0 plate armour (worn)
Jewellery
 B - a ring of flight (right hand)
 E - the ring "Nuczi" {*Tele rN+ Int+5}
   (You found it on level 6 of the Dungeon)

   [ring of teleportation]

   It may teleport you next to monsters.
   It affects your intelligence (+5).
   It protects you from negative energy.
 M - an uncursed amulet of the acrobat
 O - a ring of stealth (left hand)
 U - an amulet of guardian spirit (around neck)
Wands
 i - a wand of disintegration (28)
 J - a wand of enslavement (17)
 P - a wand of flame (12)
 R - a wand of paralysis (14)
 T - a wand of polymorph (7)
 V - a wand of random effects (13)
Scrolls
 f - 3 scrolls of noise
 g - 2 scrolls of fog
 k - 8 scrolls of teleportation
 l - 4 scrolls of remove curse
 p - 9 scrolls of amnesia
 t - 4 scrolls of immolation
 y - 3 scrolls of random uselessness
 C - a scroll of blinking
 D - 3 scrolls of enchant armour
 H - a scroll of fear
 L - a scroll of identify
Potions
 d - 3 potions of might
 e - 2 potions of magic
 h - 7 potions of lignification
 j - 2 potions of degeneration
 m - 4 potions of attraction
 n - a potion of mutation
 o - 2 potions of invisibility
 q - a potion of resistance
 s - 2 potions of cancellation
 u - 2 potions of heal wounds
 w - a potion of ambrosia
 z - 5 potions of curing
 A - 3 potions of brilliance
 F - 2 potions of haste
 G - 2 potions of berserk rage
 W - a potion of flight


   Skills:
 + Level 11.0 Fighting
 - Level 16.0 Maces & Flails
 - Level 5.0 Throwing
 - Level 3.2 Armour
 + Level 7.0 Shields
 - Level 5.0 Invocations


You had 11 spell levels left.
You didn't know any spells.
Your spell library contained the following spells:

 Spells                   Type           Power        Failure   Level
 Shock                    Conj/Air       0%           100%        1
 Summon Small Mammal      Summ           0%           100%        1
 Call Imp                 Summ           0%           100%        2
 Swiftness                Air            0%           100%        2
 Call Canine Familiar     Summ           0%           100%        3
 Inner Flame              Hex/Fire       0%           100%        3
 Static Discharge         Conj/Air       0%           100%        3
 Summon Guardian Golem    Hex/Summ       0%           100%        3
 Airstrike                Air            0%           100%        4
 Sticky Flame             Conj/Fire      0%           100%        4
 Summon Ice Beast         Ice/Summ       0%           100%        4
 Summon Lightning Spire   Summ/Air       0%           100%        4
 Fireball                 Conj/Fire      0%           100%        5
 Lightning Bolt           Conj/Air       0%           100%        5
 Summon Hydra             Summ           0%           100%        7


Dungeon Overview and Level Annotations

Branches:
Dungeon (11/15)            Temple (1/1) D:5            Lair (2/6) D:11
    Orc (0/2) D:11        Ossuary (visited)
  Swamp: Lair:2-4    Shoals: Lair:2-4     Snake: Lair:2-4    Spider: Lair:2-4

Altars:
Cheibriados
Fedhas
Gozag
Kikubaaqudgha
Nemelex Xobeh
Okawaru
Trog
Uskayaw
Vehumet
Wu Jian
Yredelemnul
The Shining One

Shops:
D:7 *   D:9 }

Annotations:
Lair:1 exclusion: 2 oklob plants
Lair:2 Harold


Innate Abilities, Weirdness & Mutations

You are resistant to torment.
Your stone body is resilient. (AC +8)
You are immune to poison.
You resist negative energy. (rN+)
You are resistant to electric shocks. (rElec)
You can survive without breathing.
You are immune to petrification.
You are immune to miasma.


Message History

You hear some strange, mumbled words.
A sentinel's mark forms upon you.
You closely miss something.
You hear a zap.
A bolt of acid appears from out of thin air!
The bolt of acid hits you!
* * * LOW HITPOINT WARNING * * *
The acid corrodes you!
You are splashed with acid.
* * * LOW HITPOINT WARNING * * *
The now-empty wand crumbles to dust.
You hit something but do no damage. Something hits you!
* * * LOW HITPOINT WARNING * * *
You barely miss something. You puncture something!
You hear some strange, mumbled words.
The mark upon you grows brighter.
You puncture something! You block something's attack.
You barely miss something. You puncture something! Something hits you!!
You die...

..#... .##... ..
.### ............
..# .....#.......
$.# ...... .....#
..# .....##....#
#.. ####.#....##
##.### ##.........#
#.{#.# .....P..#.#
##@.# .##..PP...#
#P.##
...##...#.#####..##
###...##...#.##...#
P##..............##
..............(..#
...........###P.##
.########### #### #


There were no monsters in sight!

Vanquished Creatures
  An ettin (D:11)
  A centaur warrior (D:9)
  A queen ant (D:10)
  Sonja (Lair:1)
  Nergalle (Lair:1)
  2 orc knights (D:11)
  Pikel (D:8)
  An ugly thing (D:11)
  2 cyclopes (D:11)
  Joseph (Lair:1)
  4 cane toads
  A centaur skeleton (D:11)
  A yaktaur (D:11)
  A komodo dragon (Lair:1)
  2 trolls
  A slime creature (D:11)
  A wraith (Ossuary)
  2 wyverns
  Grum (D:9)
  17 soldier ants
  5 water moccasins
  2 black bears
  4 sky beasts
  3 ogres
  4 orc warriors
  2 phantoms
  6 wolves (Lair:1)
  2 centaurs
  2 lemures (D:8)
  2 big kobolds
  2 gnoll sergeants
  12 bullfrogs
  A water moccasin zombie (D:8)
  3 scorpions
  3 killer bees (D:10)
  8 wights
  A howler monkey (D:4)
  A quasit (D:5)
  A bullfrog zombie (D:10)
  10 hounds
  6 jellies
  2 bullfrog skeletons
  6 orc priests
  Jessica (D:3)
  4 iguanas
  4 orc wizards
  42 worker ants
  A hound skeleton (D:5)
  2 hound zombies
  2 mummies
  A howler monkey zombie (D:11)
  2 worker ant zombies
  16 gnolls
  2 howler monkey skeletons
  20 adders
  4 river rats (D:6)
  A shadow imp (D:9)
  3 white imps
  An ufetubus (D:5)
  3 oozes
  3 adder zombies
  An adder skeleton (D:4)
  4 worms
  2 dart slugs
  7 leopard geckos
  30 orcs
  A ball python (D:2)
  11 bats
  3 giant cockroaches
  8 goblins
  6 hobgoblins
  11 jackals
  15 kobolds
  4 quokkas
  7 frilled lizards
  A giant cockroach zombie (D:5)
  6 gnoll skeletons (Ossuary)
  A goblin zombie (D:6)
  A jackal zombie (D:6)
  3 kobold skeletons (Ossuary)
  A leopard gecko skeleton (D:7)
  16 orc skeletons (Ossuary)
  An orc zombie (D:6)
  A quokka zombie (D:1)
  12 rats
396 creatures vanquished.

Vanquished Creatures (others)
  11 fungi
  23 plants
34 creatures vanquished.

Grand Total: 430 creatures vanquished

Notes
Turn   | Place    | Note
-------+----------+-------------------------------------------
     0 | D:1      | Delamore the Gargoyle Fighter began the quest for the Orb.
     0 | D:1      | Reached XP level 1. HP: 14/14 MP: 1/1
   191 | D:1      | Reached XP level 2. HP: 18/19 MP: 2/2
   387 | D:1      | Reached XP level 3. HP: 24/24 MP: 3/3
   514 | D:1      | You fall into a shaft and drop 1 floor!
  1172 | D:2      | Found a radiant altar of Vehumet.
  1688 | D:2      | Found a faded altar of an unknown god.
  1707 | D:2      | Reached XP level 4. HP: 26/29 MP: 4/4
  1766 | D:2      | Reached skill level 3 in Maces & Flails
  2147 | D:2      | Reached XP level 5. HP: 34/34 MP: 5/5
  2198 | D:2      | Found an ornate altar of the Wu Jian Council.
  2614 | D:3      | Found an opulent altar of Gozag.
  2615 | D:3      | Found a hide-covered altar of Uskayaw.
  2618 | D:3      | Found a sparkling altar of Nemelex Xobeh.
  2621 | D:3      | Found a glowing golden altar of the Shining One.
  2621 | D:3      | Found a blossoming altar of Fedhas.
  2622 | D:3      | Found an ancient bone altar of Kikubaaqudgha.
  2623 | D:3      | Found a bloodstained altar of Trog.
  3404 | D:3      | Noticed Jessica
  3412 | D:3      | Killed Jessica
  3413 | D:3      | Reached XP level 6. HP: 38/40 MP: 6/6
  3455 | D:3      | Found a basalt altar of Yredelemnul.
  3570 | D:4      | Reached skill level 5 in Shields
  3585 | D:4      | Reached skill level 5 in Fighting
  3585 | D:4      | Reached skill level 4 in Maces & Flails
  3682 | D:4      | Reached skill level 5 in Maces & Flails
  3738 | D:4      | Reached XP level 7. HP: 44/44 MP: 7/7
  3842 | D:4      | Found an iron altar of Okawaru.
  3867 | D:4      | Became a worshipper of Warmaster Okawaru
  4073 | D:4      | Reached skill level 6 in Maces & Flails
  4592 | D:5      | Entered Level 5 of the Dungeon
  4738 | D:5      | Reached skill level 7 in Maces & Flails
  5076 | D:5      | Reached * piety under Okawaru
  5080 | D:5      | Reached XP level 8. HP: 41/49 MP: 8/8
  5227 | D:5      | Got a diamond-encrusted leather armour
  5240 | D:5      | Identified the cursed +0 leather armour of Uskayaw's
                  | Castigation {Dex+2} (You found it on level 5 of the
                  | Dungeon)
  5481 | D:5      | Found a staircase to the Ecumenical Temple.
  5582 | Temple   | Entered the Ecumenical Temple
  5616 | D:6      | Reached skill level 8 in Maces & Flails
  5959 | D:6      | Reached skill level 9 in Maces & Flails
  5978 | D:6      | Found a sand-covered staircase.
  5990 | Ossuary  | Entered an ossuary
  5990 | Ossuary  | Noticed a wraith
  5990 | Ossuary  | Noticed a wraith
  5990 | Ossuary  | Noticed a wraith
  6062 | Ossuary  | Noticed a wraith
  6091 | Ossuary  | Killed a wraith
  6091 | Ossuary  | Reached ** piety under Okawaru
  6382 | D:6      | Got a pitted granite ring
  6421 | D:6      | Identified the Disquisition on Blistering Creation
  6425 | D:6      | Reached skill level 10 in Maces & Flails
  6803 | D:7      | Reached XP level 9. HP: 47/54 MP: 9/9
  7067 | D:7      | Identified the ring "Nuczi" {*Tele rN+ Int+5} (You found it
                  | on level 6 of the Dungeon)
  7181 | D:7      | Noticed a troll
  7190 | D:7      | Killed a troll
  7190 | D:7      | Reached *** piety under Okawaru
  7191 | D:7      | Reached skill level 11 in Maces & Flails
  7566 | D:7      | Found Gyuma's General Store.
  7569 | D:7      | Bought a scroll of identify for 26 gold pieces
  7569 | D:7      | Bought a scroll of identify for 26 gold pieces
  7853 | D:7      | Reached skill level 12 in Maces & Flails
  8676 | D:8      | Reached skill level 15 in Maces & Flails
  8676 | D:8      | Reached XP level 10. HP: 59/59 MP: 10/10
  8976 | D:9      | Reached XP level 11. HP: 63/63 MP: 11/11
  9007 | D:9      | Found a snail-covered altar of Cheibriados.
  9017 | D:9      | Reached **** piety under Okawaru
  9034 | D:9      | Noticed Pikel
  9448 | D:8      | Killed Pikel
  9449 | D:8      | Reached skill level 1 in Throwing
  9449 | D:8      | Reached skill level 1 in Invocations
  9757 | D:9      | Found Buclaata's Gadget Boutique.
  9848 | D:9      | Noticed Grum
  9857 | D:9      | Killed Grum
 10049 | D:9      | Noticed a centaur warrior
 10056 | D:9      | Killed a centaur warrior
 10207 | D:10     | Entered Level 10 of the Dungeon
 10221 | D:10     | Reached ***** piety under Okawaru
 10703 | D:10     | Noticed a queen ant
 10733 | D:10     | Killed a queen ant
 10822 | D:10     | Received a gift from Okawaru
 11058 | D:10     | Reached skill level 16 in Maces & Flails
 11063 | D:10     | Received a gift from Okawaru
 11624 | D:11     | Noticed a cyclops
 11636 | D:11     | Killed a cyclops
 11636 | D:11     | Received a gift from Okawaru
 11637 | D:11     | Reached skill level 5 in Invocations
 11878 | D:10     | Reached XP level 12. HP: 66/72 MP: 15/15
 12340 | D:11     | Found a staircase to the Orcish Mines.
 12534 | D:11     | Reached skill level 5 in Throwing
 12877 | D:11     | Found a staircase to the Lair.
 13361 | D:11     | Noticed an ettin
 13361 | D:11     | Noticed an ettin
 13757 | Lair:1   | Entered Level 1 of the Lair of Beasts
 13909 | D:11     | Killed an ettin
 13910 | D:11     | Reached skill level 10 in Fighting
 14300 | Lair:1   | Noticed Joseph
 14315 | Lair:1   | Killed Joseph
 14543 | Lair:1   | Noticed Nergalle
 14570 | Lair:1   | Killed Nergalle
 14839 | Lair:2   | Noticed Sonja
 14864 | Lair:1   | Killed Sonja
 15127 | Lair:2   | Noticed Harold
 15147 | Lair:2   | Demolished by Harold

Illustrated notes

Levels and vault maps discovered:
D:1:      saegor_arrival_fortress, layout_loops_ring
D:2:      minmay_thinvault, layout_basic, nzn_wu_jian_contemplation,
          lemuel_round_altar, chequers_ecumenical_altar_simple_redux
D:3:      layout_loops_corners, minitemple, yredelemnul_altar_generic,
          uniq_jessica
D:4:      minmay_razor_zed, layout_basic, old_standard_altar
D:5:      layout_cave_pools, minmay_temple_entry_ruins
D:6:      wad_woods_tower, layout_cave_pools, nicolae_ossuary_entry_giza
D:7:      layout_basic, serial_shops, kennysheep_mini, st_stairs_7
D:8:      layout_basic
D:9:      layout_cave_pools, kennysheep_mini_moat, serial_gnoll_camp,
          grums_kennel, gnoll_camp_mini_shop, gnoll_camp_mini_loothouse,
          gnoll_camp_mini_hut, serial_bayou_ford_a, kennysheep_just_a_vault,
          uniq_pikel
D:10:     layout_irregular_city, serial_column_ruins, column_ruins_hut_pillars,
          column_ruins_square_medium, column_ruins_open_tiny,
          column_ruins_open_medium, column_ruins_open_medium,
          column_ruins_open_small_water, column_ruins_grid_4, zaba_anthell
D:11:     minmay_shrinking_squares, layout_irregular_city,
          grunt_lair_entry_orc_guard_hut, orc_david_3
Temple:   cyrus_temple_forest
Lair:1:   layout_big_grid, minmay_lair_oklob_chamber, lemuel_fruit_tree,
          uniq_joseph, uniq_nergalle
Lair:2:   layout_loops_ring, nicolae_spider_entry_orb_guardian,
          infiniplex_staircase_pool_2, uniq_urug, uniq_harold, uniq_sonja

Skill      XL: |  1  2  3  4  5  6  7  8  9 10 11 12 |
---------------+-------------------------------------+-----
Fighting       | 4 5 7 11 | 11.0
Shields        | 4 5 7 |  7.0
Maces & Flails | 3 5 7 10 15 16 | 16.0
Throwing       | 4 5 |  5.0
Invocations    | 5 |  5.0
Armour         | |  3.2

Action                   |  1- 3 |  4- 6 |  7- 9 | 10-12 || total
-------------------------+-------+-------+-------+-------++-------
Melee: Flail             |   127 |   233 |   480 |       ||   840
       Morningstar       |       |       |   175 |   773 ||   948
Throw: Dart              |       |       |     6 |     8 ||    14
Invok: Heroism           |       |       |       |     3 ||     3
       Finesse           |       |       |       |     1 ||     1
Evoke: Wand              |       |       |       |     1 ||     1
  Use: Scroll            |       |     7 |    15 |     6 ||    28
       Potion            |       |       |     1 |     1 ||     2
Armor: Scale mail        |   106 |   116 |       |       ||   222
       Chain mail        |       |    40 |   396 |   282 ||   718
       Plate armour      |       |       |       |   150 ||   150
Dodge: Dodged            |    55 |    69 |   148 |   180 ||   452
Block: Kite shield       |    76 |   121 |   386 |   334 ||   917
